Map: Odyssey LE

Players

GAMETIME - Winner!

  • Race: Zerg Zerg
  • Spawn Location: 11:00

PengWin

  • Race: Zerg Zerg
  • Spawn Location: 5:00

Event: WCS Montreal 2017

VOD

Have the link to the VOD?

Description

Time

  • Played on: Sept. 8, 2017, 3:13 p.m.
  • Length: 6:08

All games in this series

Show
View Real Time Build Order
Export as new Build Order

GAMETIME Zerg - Winner!

Build Orders: Pool First, Zergling Baneling 

Get SALT Encoding   

  12  0:00  Drone  
  13  0:08  Drone  
  14  0:16  Overlord  
  14  0:27  Extractor, Drone  
  15  0:34  Drone  
  15  0:35  Drone  
  17  0:41  Extractor  
  16  0:44  Drone  
  17  0:51  Spawning Pool  
  17  0:55  Drone  
  17  1:06  Drone  
  18  1:16  Drone  
  19  1:22  Hatchery  
  18  1:37  Queen  
  18  1:39  Zergling x2  
  21  1:40  Zergling x2  
  21  1:45  Metabolic Boost  
  22  1:52  Overlord  
  22  2:05  Baneling Nest  
  22  2:07  Zergling x2  
  22  2:13  Queen  
  24  2:17  Zergling x2  
  25  2:23  Zergling x2  
  26  2:32  Zergling x2  
  26  2:35  Zergling x2  
  28  2:43  Zergling x2  
  29  2:45  Zergling x2  
  29  2:46  Zergling x6  
  33  2:53  Baneling x4  
  33  2:55  Zergling x2  
  34  3:09  Zergling x4  
  36  3:12  Overlord  
  36  3:19  Overlord  
  35  3:29  Zergling x6  
  35  3:39  Zergling x2  
  28  3:42  Zergling x4  
  28  3:44  Zergling x2  
  28  3:46  Baneling  
  31  3:50  Zergling x2  
  31  3:53  Zergling x4  
  31  3:55  Zergling x2  
  31  4:00  Zergling x2  
  33  4:03  Drone  
  32  4:12  Baneling x2  
  32  4:13  Drone x2  
  34  4:17  Zergling x2  
  35  4:24  Baneling x3  
  35  4:26  Zergling x2  
  35  4:31  Zergling x2  
  31  4:42  Zergling x8  
  34  4:47  Zergling x4  
  34  4:50  Zergling x2  
  34  4:53  Zergling x2  
  34  4:56  Drone  
  36  5:06  Baneling  
  36  5:07  Baneling x3  
  36  5:10  Zergling x2  
  36  5:11  Zergling x4  
  36  5:12  Baneling  
  36  5:13  Baneling  
  39  5:18  Zergling x2  
  39  5:21  Zergling x2  
  40  5:23  Zergling x2  
  39  5:33  Baneling  
  37  5:37  Zergling x6  
  37  5:38  Zergling x2  
  37  5:42  Zergling x4  
  42  5:44  Zergling x2  
  42  5:46  Baneling  
  40  5:51  Zergling x2  
Show
View Real Time Build Order
Export as new Build Order

PengWin Zerg 

Build Orders: Pool First, Zergling Baneling 

Get SALT Encoding   

  12  0:01  Drone  
  13  0:12  Overlord  
  13  0:17  Drone  
  14  0:31  Drone x2  
  14  0:34  Drone  
  17  0:38  Extractor  
  16  0:46  Spawning Pool  
  16  0:49  Drone  
  16  0:55  Drone  
  17  1:06  Drone  
  18  1:20  Hatchery  
  17  1:33  Queen  
  17  1:38  Metabolic Boost  
  19  1:42  Zergling x2  
  19  1:46  Zergling x2  
  21  1:54  Overlord  
  21  1:59  Drone  
  22  2:06  Baneling Nest  
  21  2:14  Zergling x2  
  21  2:15  Zergling x2  
  23  2:25  Queen  
  23  2:27  Zergling x2  
  26  2:39  Zergling x4  
  28  2:53  Zergling x8  
  32  2:59  Evolution Chamber  
  32  3:00  Drone  
  32  3:12  Baneling x2  
  31  3:15  Baneling x4  
  24  3:43  Zergling x14  
  30  4:01  Baneling x2  
  26  4:14  Drone x4  
  26  4:15  Drone x2  
  26  4:16  Drone  
  31  4:45  Zergling x12  
  30  4:52  Baneling x3  
  29  5:06  Drone x5  
  34  5:14  Baneling  
  34  5:15  Baneling  
  34  5:19  Queen  
  33  5:41  Zergling x2  
  33  5:42  Zergling x6  
Tags
 
Add a new tag
Caveats
  • Supply blocks, unpowered buildings, or Contaminate may cause inaccurate times.
  • Supply counts are checked every 10 seconds.